 Dungeon Crawl Stone Soup version 0.20.1-1-g8b1a95d66d (webtiles) character file.

71 BrokenGlass the Ruffian (level 4, -1/31 HPs)
             Began as an Octopode Fighter on Dec 30, 2017.
             Slain by a hungry ghost (4 damage)
             ... while paralysed
             ... on level 3 of the Dungeon.
             The game lasted 00:01:29 (1533 turns).

BrokenGlass the Ruffian (Octopode Fighter)          Turns: 1533, Time: 00:01:29

Health: -1/31      AC:  1    Str: 21    XL:     4   Next: 24%
Magic:  4/4        EV:  2    Int: 10    God:
Gold:   106        SH:  0    Dex: 11    Spells: 3/3 levels left

rFire    . . .     SeeInvis .     - Unarmed
rCold    . . .     Gourm    .   (no shield)
rNeg     . . .     Faith    .   (helmet restricted)
rPois    .         Spirit   .   (no amulet)
rElec    .         Reflect  .   (no ring)
rCorr    .         Harm     .   (no ring)
MR       .....                  (no ring)
Stlth    ++........             (no ring)
Regen    0.1/turn               (no ring)
MPRegen  0.1/turn               (no ring)
                                (no ring)
                                (no ring)

@: paralysed, mighty, fainting
A: almost no armour, stealthy swim, amphibious, 8 rings, constrict 8, camouflage
1, gelatinous body 1
a: no special abilities


You were on level 3 of the Dungeon.
You were fainting.

You visited 1 branch of the dungeon, and saw 3 of its levels.

You collected 106 gold pieces.

Inventory:

Missiles
 l - 19 bolts
 m - a throwing net (quivered)
Armour
 a - a +0 shield
Wands
 f - a wand of confusion (31/48)
Scrolls
 e - 2 scrolls of teleportation {unknown}
 h - a scroll of immolation {unknown}
 k - 3 scrolls of identify {unknown}
 n - a scroll of remove curse {unknown}
Potions
 d - a potion of agility {unknown}
 i - 2 potions of degeneration {unknown}
 j - a potion of berserk rage {unknown}
Comestibles
 c - 5 bread rations
 g - 2 royal jellies


   Skills:
 - Level 3.0 Fighting
 - Level 3.0 Dodging
 - Level 3.0 Shields
 + Level 4.3 Unarmed Combat


You had 3 spell levels left.
You didn't know any spells.

Dungeon Overview and Level Annotations

Branches:
Dungeon (3/15)

Altars:
Trog
Vehumet


Innate Abilities, Weirdness & Mutations

You cannot wear most types of armour.
You are very stealthy in the water. (Stealth+)
You are amphibious.
You can wear up to eight rings at the same time.
You can use your tentacles to constrict eight enemies at once.
Your skin changes colour to match your surroundings (Stealth+).
Your rubbery body absorbs attacks. (AC +1, EV +1)


Message History

The hungry ghost hits you.
You are fainting from starvation!
You closely miss the hungry ghost. You squeeze the hungry ghost.
The hungry ghost is almost destroyed.
The hungry ghost closely misses you.
You barely miss the hungry ghost. Your squeeze misses the hungry ghost.
The hungry ghost is almost destroyed.
The hungry ghost closely misses you.
You closely miss the hungry ghost.
The hungry ghost is almost destroyed.
The hungry ghost hits you.
You feel slightly more hungry.
Unknown command.
You miss the hungry ghost.
The hungry ghost is almost destroyed.
You lose consciousness!
The hungry ghost hits you.
* * * LOW HITPOINT WARNING * * *
You feel slightly more hungry. The hungry ghost hits you.
You die...

.####.# .# #.# ..
.####.###### .# #
...........### .# ..
...##.####.#.. .. ..
##.##.# #.#.### .##.#
...##.# #.#.#.. ...
#..##.####.#.#.##W####..
#..##.#....#.#.#@.......
.........#...#.#.#####..
##.##.#..##.##.#........
...##.#..##..#.#.#####..
.......<...............?
......###.#..#.#.#.#####
..#.#####.#.##.#.#.#
.......##........# #
.......##......###


You could see a hungry ghost.

Vanquished Creatures
  2 adders
  An ooze (D:2)
  A worm (D:2)
  A dart slug (D:1)
  2 leopard geckos (D:2)
  2 orcs (D:3)
  5 giant cockroaches
  4 goblins
  4 hobgoblins
  5 bats
  5 frilled lizards
  4 kobolds
  5 rats
41 creatures vanquished.

Notes
Turn   | Place    | Note
-------+----------+-------------------------------------------
     0 | D:1      | BrokenGlass the Octopode Fighter began the quest for the Orb.
     0 | D:1      | Reached XP level 1. HP: 16/16 MP: 1/1
   140 | D:1      | Reached XP level 2. HP: 21/21 MP: 2/2
   211 | D:1      | Reached skill level 3 in Unarmed Combat
   568 | D:2      | Found a radiant altar of Vehumet.
   570 | D:2      | Reached XP level 3. HP: 25/26 MP: 3/3
   785 | D:2      | Reached skill level 4 in Unarmed Combat
  1075 | D:3      | Reached XP level 4. HP: 18/31 MP: 4/4
  1414 | D:3      | Found a bloodstained altar of Trog.
  1500 | D:3      | Noticed a hungry ghost
  1531 | D:3      | Paralysed by fainting for 11 turns
  1533 | D:3      | Slain by a hungry ghost

Skill      XL: |  1  2  3 |
---------------+----------+-----
Unarmed Combat | 3 4 |  4.3
Fighting       | |  3.0
Dodging        | |  3.0
Shields        | |  3.0

Action                   |  1- 3 |  4- 6 || total
-------------------------+-------+-------++-------
Melee: Unarmed           |    84 |    35 ||   119
       Tentacles         |    17 |     3 ||    20
       Constrict         |    26 |     2 ||    28
       Punch             |     3 |       ||     3
  Use: Potion            |       |     1 ||     1
 Stab: Sleeping          |     4 |     2 ||     6
  Eat: Royal jelly       |       |     1 ||     1
       Chunk             |       |     1 ||     1
Armor: Skin              |     7 |     3 ||    10
Dodge: Dodged            |    62 |    16 ||    78
